 Dungeon Crawl Stone Soup version 0.31.0-11-ge490571c62 (webtiles) character file.

Game seed: 7788562814056633407

363 azerty75 the Chopper (level 6, -12/79 HPs)
             Began as a Hill Orc Fighter on Jan 29, 2024.
             Mangled by an orc
             ... wielding the +5 hand axe of Crystal {elec, rF- rCorr Str+2}
              (15 damage)
             ... on level 4 of the Dungeon.
             The game lasted 00:22:03 (2977 turns).

azerty75 the Chopper (Hill Orc Fighter)             Turns: 2977, Time: 00:22:09

Health: -12/79     AC:  8    Str: 21    XL:     6   Next: 67%
Magic:  6/6        EV:  9    Int:  8    God:
Gold:   355        SH:  4    Dex: 10    Spells: 5/5 levels left

rFire   + . .        a - +0 war axe
rCold   x . .        c - +0 buckler
rNeg    . . .        b - +0 scale mail
rPois   .            (no helmet)
rElec   .            (no cloak)
rCorr   .            m - +0 pair of gloves
SInv    .            (no boots)
Will    .....        (no amulet) Stlth
                     j - ring of fire
HPRegen 0.33/turn    (no ring)
MPRegen 0.10/turn

%: no passive effects
@: brilliant, berserking, very quick
A: no striking features
a: Convert to Beogh


You were on level 4 of the Dungeon.
You visited 1 branch of the dungeon, and saw 4 of its levels.

You collected 355 gold pieces.

Inventory:

Hand Weapons
 a - a +0 war axe (weapon)
Missiles
 r - 3 boomerangs (quivered)
Armour
 b - a +0 scale mail (worn)
 c - a +0 buckler (worn)
 m - a +0 pair of gloves (worn)
Jewellery
 j - a ring of fire (left hand)
Wands
 t - a wand of polymorph (6)
Scrolls
 e - a scroll of immolation {unknown}
 f - 3 scrolls of teleportation {unknown}
 g - a scroll of butterflies {unknown}
 h - 4 scrolls of identify {unknown}
 k - 4 scrolls of fog {unknown}
 l - a scroll of enchant weapon {unknown}
 n - a scroll of vulnerability {unknown}
Potions
 d - a potion of might
 i - a potion of magic
 o - a potion of curing {unknown}
 s - a potion of resistance {unknown}
 v - a potion of mutation {unknown}


   Skills:
 + Level 4.5 Fighting
 + Level 6.4 Axes
 + Level 5.0 Armour
 + Level 0.9 Dodging
 + Level 0.1 Stealth
 + Level 3.8 Shields


You had 5 spell levels left.
You didn't know any spells.
Your spell library contained the following spells:

 Spells                   Type           Power      Damage    Failure   Level
 Ensorcelled Hibernation  Hex/Ice        0%         N/A       91%         2
 Passwall                 Erth           0%         N/A       99%         3
 Swiftness                Air            0%         N/A       99%         3


Dungeon Overview and Level Annotations

Branches:
Dungeon (4/15)
 Temple: D:4-7

Altars:
Zin
Beogh

Shops:
D:1 (   D:2 (   D:4 :

Annotations:
D:1 Apsin Weapon Shop


Message History

The orc priest hits you but does no damage.
You hit the orc priest.
The orc priest is moderately wounded.
You barely miss the orc. You closely miss the orc priest.
The orc priest hits you with a +0 dagger.
The orc hits you but does no damage. The orc priest barely misses you.
The orc closely misses you.
You hit the orc.
The orc is moderately wounded.
You hit the orc priest.
The orc priest invokes the aid of Beogh against you.
Beogh smites you!
* * * LOW HITPOINT WARNING * * *
The orc hits you with a +0 war axe.
* * * LOW HITPOINT WARNING * * *
You hit the orc priest.
The orc priest is severely wounded.
You slash the orc!
You kill the orc!
The orc priest hits you but does no damage.
You closely miss the orc priest.
The orc priest is severely wounded.
You barely miss the orc. The orc closely misses you.
The orc priest invokes the aid of Beogh against you.
Pain shoots through your body!
* * * LOW HITPOINT WARNING * * *
You hit the orc priest.
The orc priest is almost dead.
The orc priest shouts, "Join the one true god or die!"
You hit the orc. The orc misses you. You block the orc priest's attack.
The orc hits you with the +5 hand axe of Crystal {elec, rF- rCorr Str+2}.
* * * LOW HITPOINT WARNING * * *
The orc priest hits you but does no damage.
It was a potion of berserk rage.
A red film seems to cover your vision as you go berserk!
You feel yourself moving faster!
You feel mighty!
The orc hits you with the +5 hand axe of Crystal {elec, rF- rCorr Str+2}.
* * * LOW HITPOINT WARNING * * *
You are electrocuted!
You die...

#####.........#.+...'.#...
#..[..#>...#'#.#####.#'#.
#####...#..#.....#.....#.
##.##+##.....+.....##
#.#...#.....#.....#.
#'#...#'#.#####.#+#.
#.......#.'...'.#...
###o..#####...#####.
#.o@..+.#.......#.+.
#)#####.#+#...#'#.##
#...#.....#...#..... ######
##o.'.....##+##.....
#######....####..#.....#...#.....
............o...####.#'#...#'#.##
8........W.ooo8.##.'.#.......#.+.
######'''######.##.#####...#####.
#.............#.##.....+...'.#...


You could see an orc priest and an orc.

Vanquished Creatures
  A scorpion (D:4)
  A hound (D:4)
  An orc priest (D:4)
  A jelly (D:4)
  An iguana (D:4)
  An orc wizard (D:3)
  Terence (D:3)
  The ghost of inmateoo the Sneak, a weakling HuDe (D:4)
  3 adders
  3 dart slugs
  14 orcs
  7 endoplasms
  A giant cockroach (D:3)
  7 hobgoblins
  2 jackals (D:1)
  7 kobolds
  2 quokkas
  7 ball pythons
  5 bats
  5 frilled lizards
  5 goblins
  5 rats
81 creatures vanquished.

Notes
Turn   | Place    | Note
-------+----------+-------------------------------------------
     0 | D:1      | azerty75 the Hill Orc Fighter began the quest for the Orb.
     0 | D:1      | Reached XP level 1. HP: 19/19 MP: 1/1
   165 | D:1      | Reached skill level 3 in Axes
   220 | D:1      | Reached XP level 2. HP: 26/27 MP: 2/2
   298 | D:1      | Found Apsin's Weapon Shop.
   695 | D:2      | Reached XP level 3. HP: 33/33 MP: 3/3
   854 | D:2      | Found Rasul's Weapon Emporium.
   878 | D:2      | Found a faded altar of an unknown god.
  1398 | D:3      | Reached skill level 4 in Axes
  1409 | D:3      | Noticed Terence
  1422 | D:3      | Killed Terence
  1423 | D:3      | Reached XP level 4. HP: 40/40 MP: 4/4
  1520 | D:3      | Reached XP level 5. HP: 43/46 MP: 5/5
  1836 | D:3      | Noticed an angel
  1837 | D:3      | Found a glowing silver altar of Zin.
  2042 | D:4      | Found Nengaiwk's Book Emporium.
  2047 | D:4      | Reached skill level 5 in Axes
  2074 | D:4      | Found a runed translucent gate.
  2074 | D:4      | Noticed inmateoo's ghost (weakling HuDe)
  2075 | D:4      | Identified the +5 hand axe of Crystal {elec, rF- rCorr
                  | Str+2}
  2075 | D:4      | Identified the +0 chain mail "Ihaibiuc" {rF- rCorr Dex-4
                  | Slay+4}
  2375 | D:4      | Reached XP level 6. HP: 52/53 MP: 6/6
  2468 | D:4      | Found a runed translucent gate.
  2469 | D:4      | Found a runed translucent gate.
  2559 | D:4      | Reached skill level 6 in Axes
  2920 | D:4      | Found a roughly hewn altar of Beogh.
  2968 | D:4      | Killed inmateoo's ghost
  2969 | D:4      | Reached skill level 5 in Armour
  2977 | D:4      | HP: 3/79 [orc/the +5 hand axe of Crystal {elec, rF- rCorr
                  | Str+2} (6)]
  2977 | D:4      | Mangled by an orc

Illustrated notes

Levels and vault maps discovered:
D:1:      ncdulo_lavacross, layout_loops_ring, serial_shops, shop,
          nicolae_the_louvre
D:2:      layout_basic, shapermc_ecumenical_altar_pompeii, serial_shops,
          shop_coins
D:3:      layout_basic, zin_angel, uniq_terence
D:4:      nicolae_cairo_tiling_large, layout_rooms, biasface_ghost_orc_armoury,
          serial_shops, shop

Skill      XL: |  1  2  3  4  5  6 |
---------------+-------------------+-----
Axes           | 3 4 5 6 |  6.4
Armour         | 4 5 |  5.0
Fighting       | 4 |  4.5
Dodging        | |  0.9
Stealth        | |  0.1
Shields        | |  3.8

Action                     |  1- 3 |  4- 6 || total
---------------------------+-------+-------++-------
  Melee: War axe           |   106 |   123 ||   229
    Use: Potion            |     1 |     5 ||     6
 Armour: Scale mail        |    81 |    94 ||   175
  Dodge: Dodged            |    49 |    62 ||   111
  Block: Buckler           |    26 |    27 ||    53
